 Dungeon Crawl Stone Soup version 0.31-a0-1074-g0b22e4e0f1 (webtiles) character file.

Game seed: 9810953780337193254

357409 whatisthis the Slayer (level 22, -5/178 HPs)
             Began as a Merfolk Ice Elementalist on Dec 2, 2023.
             Was the Champion of Hepliaklqana.
             Slain by the Enchantress
             ... wielding a +0 lajatang
              (16 damage)
             ... on level 2 of the Depths on Dec 3, 2023.
             The game lasted 06:11:31 (63232 turns).

whatisthis the Slayer (Merfolk Ice Elementalist)   Turns: 63232, Time: 06:11:32

Health: -5/178     AC: 19    Str: 13    XL:     22   Next: 36%
Magic:  13/43      EV: 11    Int: 28    God:    Hepliaklqana [******]
Gold:   3981       SH:  0    Dex: 15    Spells: 21/56 levels left

rFire   + . .        B - staff of cold
rCold   + + +        z - +4 kite shield {AC+3}
rNeg    . . .        s - +2 scale mail {rPois}
rPois   +            c - +2 hat {Int+3}
rElec   +            E - +2 cloak
rCorr   .            N - +2 pair of gloves
SInv    .            f - -1 pair of boots of the Stone Wall {rElec rC++ Str+3 Int+2}
Will    +....        K - amulet of magic regeneration Stlth
                     u - ring of protection from fire
HPRegen 0.00/turn    a - ring of wizardry
MPRegen 0.68/turn

%: wizardry (x1)
@: confused, very slightly contaminated, inhibited regen, studying Fire Magic
A: reduced essence, (nimble swimmer 2), mertail, inhibited regeneration
}: 2/15 runes: decaying, serpentine
a: Renounce Religion, Recall Ancestor, Ancestor Identity, Transference, Idealise


You were on level 2 of the Depths.
You worshipped Hepliaklqana.
Hepliaklqana was exalted by your worship.
You visited 8 branches of the dungeon, and saw 39 of its levels.
You visited 1 bazaar.
You also visited: Ice Cave.

You collected 5851 gold pieces.
You spent 1870 gold pieces at shops.

Inventory:

Hand Weapons
 r - the +5 spear of World Downfall {freeze, +Blink Fly MP+9 Dex+4}
   (You found it on level 2 of the Vaults)

   Dex+4:     It affects your dexterity (+4).
   MP+9:      It affects your magic capacity (+9).
   Fly:       It grants you flight.
   +Blink:    It lets you blink.
 w - the +3 spear "Kuizeoxt" {heavy, *Noise rPois rF+ Will++}
   (You found it on level 2 of the Vaults)

   rF+:       It protects you from fire.
   rPois:     It protects you from poison Will++: It greatly increases your
   willpower.
   *Noise:    It may make a loud noise when swung.
Missiles
 n - 2 silver javelins
 y - 25 boomerangs
 G - 10 curare-tipped darts (quivered)
 L - 5 javelins
Armour
 c - a +2 hat of intelligence (worn)
 f - the -1 pair of boots of the Stone Wall (worn) {rElec rC++ Str+3 Int+2}
   (You found it on level 3 of the Lair of Beasts)

   Str+3:     It affects your strength (+3).
   Int+2:     It affects your intelligence (+2).
   rC++:      It greatly protects you from cold.
   rElec:     It insulates you from electricity.
 s - a +2 scale mail of poison resistance (worn)
 z - a +4 kite shield of protection (worn)
 E - a +2 cloak (worn)
 N - a +2 pair of gloves (worn)
Magical Staves
 B - a staff of cold (weapon)
Jewellery
 a - a ring of wizardry (right hand)
 e - a ring of poison resistance
 l - a ring of magical power
 u - a ring of protection from fire (left hand)
 K - an amulet of magic regeneration (around neck)
 M - a ring of protection from cold
Wands
 j - a wand of quicksilver (28)
 o - a wand of polymorph (11)
 v - a wand of digging (10)
 C - a wand of roots (37)
 F - a wand of charming (54)
 O - a wand of flame (42)
 U - a wand of mindburst (27)
Scrolls
 h - 5 scrolls of fog
 k - 7 scrolls of teleportation
 m - 2 scrolls of torment
 D - 8 scrolls of vulnerability
 J - 3 scrolls of summoning
 P - 6 scrolls of revelation
 Q - 2 scrolls of silence
 V - 6 scrolls of blinking
 Y - 5 scrolls of immolation
 Z - 3 scrolls of fear
Potions
 b - 3 potions of magic
 d - 3 potions of mutation
 g - 3 potions of heal wounds
 i - 2 potions of invisibility
 p - 5 potions of might
 q - 4 potions of haste
 t - 10 potions of curing
 x - 2 potions of attraction
 A - 3 potions of enlightenment
 H - 5 potions of lignification
 I - 4 potions of brilliance
 S - 4 potions of berserk rage
 W - a potion of resistance
 X - 2 potions of cancellation


   Skills:
 + Level 22.6 Fighting
 - Level 12.0 Polearms
 - Level 12.3 Dodging
 - Level 2.1 Stealth
 + Level 17.8 Spellcasting
 + Level 14.5 Conjurations
 - Level 19.1 Ice Magic
 + Level 6.1 Earth Magic
 - Level 5.1 Invocations


You had 21 spell levels left.
You knew the following spells:

 Your Spells              Type           Power      Damage    Failure   Level
a - Freeze                Ice            100%       1d10      0%          1
b - Frozen Ramparts       Ice            100%       1d16      1%          3
c - Ozocubu's Armour      Ice            100%       N/A       1%          3
d - Summon Ice Beast      Ice/Summ       87%        N/A       3%          4
e - Stone Arrow           Conj/Erth      100%       3d13      1%          3
f - Hailstorm             Conj/Ice       100%       3d20      1%          3
g - Freezing Cloud        Conj/Ice/Air   46%        6-21      4%          5
h - Ozocubu's Refrigerat  Ice            57%        4d20      4%          7
i - Bombard               Conj/Erth      35%        9d6       32%         6

Your spell library contained the following spells:

 Spells                   Type           Power      Damage    Failure   Level
 Magic Dart               Conj           100%       1d8       1%          1
 Momentum Strike          Conj/Tloc      100%       3d10      1%          2
 Searing Ray              Conj           100%       2d8       1%          2
 Static Discharge         Conj/Air       100%       3-8/arc   1%          2
 Iskenderun's Battlesphe  Conj           82%        2d13      1%          5
 Dazzling Flash           Conj/Hex       100%       N/A       2%          3
 Flame Wave               Conj/Fire      60%        2d14      8%          4
 Fulminant Prism          Conj/Hex       30%        3d16      8%          4
 Necrotise                Necr           100%       1d9       16%         1
 Blink                    Tloc           50%        N/A       22%         2
 Cigotuvi's Dreadful Rot  Necr/Pois/Air  50%        N/A       22%         2
 Lesser Beckoning         Tloc           50%        N/A       22%         2
 Scorch                   Fire           50%        2d7       22%         2
 Sublimation of Blood     Necr           25%        N/A       22%         2
 Wereblood                Tmut           25%        N/A       22%         2
 Lee's Rapid Deconstruct  Erth           28%        3d15*     32%         5
 Animate Armour           Summ/Erth      84%        N/A       38%         4
 Leda's Liquefaction      Hex/Erth       21%        N/A       38%         4
 Ignite Poison            Fire/Tmut/Pois 25%        N/A       41%         3
 Vampiric Draining        Necr           25%        2d7       41%         3
 Airstrike                Air            12%        2d(2-18)  80%         4
 Manifold Assault         Tloc           25%        N/A       80%         4
 Summon Lightning Spire   Summ/Air       25%        N/A       80%         4
 Agony                    Necr           25%        N/A       98%         5
 Silence                  Hex/Air        12%        N/A       98%         5
 Summon Mana Viper        Hex/Summ       25%        N/A       98%         5
 Spellforged Servitor     Conj/Summ      30%        N/A       99%         7
 Summon Cactus Giant      Summ           12%        N/A       100%        6
 Monstrous Menagerie      Summ           12%        N/A       100%        7
 Summon Hydra             Summ           12%        N/A       100%        7
 Lehudib's Crystal Spear  Conj/Erth      35%        10d9      100%        8


Dungeon Overview and Level Annotations

Branches:
Dungeon (15/15)            Temple (1/1) D:4            Lair (5/5) D:9
  Swamp (4/4) Lair:2        Snake (4/4) Lair:3        Slime (0/5) Lair:5
    Orc (2/2) D:9             Elf (0/3) Orc:2        Vaults (4/5) D:14
  Crypt (0/3) Vaults:2     Depths (4/4) D:15          IceCv (visited)
    Zot: Depths:4

Altars:
Ashenzari
Cheibriados
Dithmenos
Elyvilon
Fedhas
Gozag
Hepliaklqana
Kikubaaqudgha
Makhleb
Nemelex Xobeh
Okawaru
Qazlal
Ru
Sif Muna
Trog
Uskayaw
Vehumet
Wu Jian
Xom
Yredelemnul
Zin
The Shining One
Lugonu

Shops:
D:1 *(   D:8 *(   D:9 =   D:10 =   Orc:2 ?:*[(   Snake:3 *(=[   Depths:3 [
Depths:4 :

Portals:
Hell: Depths:2 Depths:4
Abyss: Lair:5 Depths:1
Pandemonium: Depths:2

Annotations:
D:2 1 runed translucent door, Crazy Yiuf, Sigmund
D:5 2 transporters, monsoonserge's ghost, novice TrSh
D:14 2 transporters, Acwauwnyeha's ghost, journeyman HuSu
Lair:3 2 transporters, Pokonic1's ghost, journeyman DsFE
Snake:2 3 runed translucent doors, exclusion: obsidian statue, Vicweoh's ghost, adept GrFi
Snake:4 2 transporters, Komet's ghost, journeyman HOMo
Vaults:4 1 transporter
Depths:2 the Enchantress


Innate Abilities, Weirdness & Mutations

Your life essence is reduced to manifest your ancestor. (-10% HP)
((You are very nimble when in or above water. (Stealth+, EV+, Speed+++)))
Your lower body shifts to a powerful aquatic tail in water.
You do not regenerate when monsters are visible.


Message History

You feel much better.
The spriggan defender hits you but does no damage.
A frost giant comes into view.
It is wielding a +0 battleaxe of freezing.
The Enchantress hits you with a +0 lajatang!
* * * LOW HITPOINT WARNING * * *
The sphinx hits you but does no damage. The sphinx barely misses you.
The sphinx closely misses you.
Unknown command.
You're too confused to cast spells.
You bump into the rock wall.
The spriggan defender hits you with a +0 demon whip of flaming!!
* * * LOW HITPOINT WARNING * * *
The spriggan defender burns you.
* * * LOW HITPOINT WARNING * * *
The Enchantress closely misses you. The sphinx hits you!
* * * LOW HITPOINT WARNING * * *
The sphinx barely misses you. The sphinx hits you.
* * * LOW HITPOINT WARNING * * *
The spriggan defender closely misses you.
The Enchantress hits you with a +0 lajatang.
* * * LOW HITPOINT WARNING * * *
Unknown command.
Okay, then.
You are too confused!
You feel much better.
The spriggan defender hits you with a +0 demon whip of flaming!!
* * * LOW HITPOINT WARNING * * *
The spriggan defender burns you.
* * * LOW HITPOINT WARNING * * *
The sphinx hits you.
* * * LOW HITPOINT WARNING * * *
The sphinx closely misses you. The sphinx barely misses you.
The Enchantress misses you.
You feel much better.
The spriggan defender hits you with a +0 demon whip of flaming!
* * * LOW HITPOINT WARNING * * *
The spriggan defender burns you.
* * * LOW HITPOINT WARNING * * *
The Enchantress hits you with a +0 lajatang!
You die...

.####...# .#
........# #.#
........# #.#
###...)## ##.#
#..[....####..#
#...)#.........#
#.. #....)C..i#
# ##...###iii#
####...##..iH@#
.......#....#.#
......#....#.#
###....##..##.#
.......####..#
...#.........#
..# #.........#
..##
##...###...#
...####...##
....#


You could see a frost giant, the Enchantress (fast, repels missiles), a sphinx,
3 spriggan defenders and a spriggan air mage (repels missiles).

Vanquished Creatures
  Nikola (Swamp:3)
  Zenata (Vaults:2)
  2 sphinxes
  Asterion (Snake:2)
  3 thorn hunters
  4 tengu reavers
  Kirke (Snake:2)
  5 nagarajas (Snake:4)
  Donald (Vaults:2)
  Aizul (Depths:2)
  A fenstrider witch (Swamp:1)
  A draconian knight (Vaults:1)
  2 frost giants (IceCv)
  2 orc warlords
  9 vault wardens
  A juggernaut zombie (Depths:2)
  3 stone giants
  11 ironbound preservers
  2 formless jellyfish (Vaults:3)
  A spriggan defender (Vaults:1)
  5 ironbound thunderhulks
  5 eleionomae
  6 dire elephants
  Azrael (Snake:1)
  2 spark wasps
  4 bunyips
  A white draconian (IceCv)
  A deep elf death mage (Vaults:2)
  5 yaktaur captains
  3 fire dragons
  3 jiangshi (Depths:2)
  Josephine (D:11)
  2 crystal guardians (Vaults:4)
  2 ettins
  An entropy weaver (Vaults:3)
  The ghost of Lobster4 the Mimic, a journeyman DrSh of Uskayaw (Orc:2)
  A rakshasa (Depths:2)
  9 hydras
  3 salamander tyrants
  3 great orbs of eyes
  Erolcha (D:12)
  6 ice dragons
  4 peacekeepers
  An ogre mage (D:10)
  A spriggan air mage (Depths:2)
  10 vault guards
  2 ghost crabs (Swamp:3)
  10 ironbound frosthearts
  5 anacondas (Snake:4)
  10 centaur warriors
  4 boulder beetles
  7 alligators
  2 tengu warriors
  7 two-headed ogres
  A vampire mage (Depths:2)
  A deep troll earth mage (Depths:4)
  3 death yaks (Lair:4)
  16 naga warriors
  2 deep troll shamans
  A titan zombie (Depths:1)
  4 orc high priests (Orc:2)
  An occultist (D:15)
  4 thrashing horrors (Lair:5)
  4 hell knights (Depths:2)
  8 naga sharpshooters
  A spriggan berserker (Depths:3)
  Amaemon (Lair:2)
  5 shock serpents
  A sun demon (Depths:4)
  Sonja (Orc:1)
  A skyshark (Lair:4)
  2 skeletal warriors (D:14)
  4 salamander mystics
  4 sea snakes (Snake:4)
  A spriggan druid (Swamp:2)
  4 goliath frogs
  A glowing orange brain (Vaults:2)
  4 bog bodies
  2 large abominations (Lair:5)
  8 swamp dragons
  4 arcanists
  3 naga ritualists
  6 orc knights
  7 ironbound convokers
  A tengu zombie (Depths:1)
  44 deep trolls
  8 lindwurms
  4 deep elf pyromancers
  3 harpies (Vaults:2)
  29 ugly things
  8 necromancers
  3 orc sorcerers
  6 manticores
  11 salamanders
  2 oklob plants
  5 will-o-the-wisps
  4 cyclopes
  11 vault sentinels
  5 elephants
  7 guardian serpents
  An iron dragon skeleton (Depths:2)
  22 black mambas
  A frost giant zombie (Depths:1)
  A frost giant skeleton (Depths:2)
  A smoke demon (Lair:5)
  10 cane toads
  9 naga magi
  Psyche (D:8)
  3 orange demons
  6 komodo dragons
  An efreet (D:13)
  4 rime drakes (IceCv)
  26 yaktaurs
  3 kobold demonologists
  2 tengu conjurers (D:15)
  5 trolls
  A tengu simulacrum (Depths:1)
  2 meliai (D:13)
  5 tyrant leeches
  3 saltlings (Vaults:2)
  4 hornets
  8 polar bears
  A glass eye (Depths:3)
  A blink frog (shapeshifter) (Lair:5)
  2 dream sheep
  21 blink frogs
  A raiju (Lair:5)
  22 slime creatures
  A shadow (D:11)
  3 wyverns
  2 fire elementals (Snake:1)
  4 spriggans
  2 vampires
  Eustachio (D:5)
  3 wraiths
  12 humans
  A redback (Vaults:3)
  2 steam dragons
  42 yaks
  5 basilisks
  3 chaos spawn (Lair:5)
  2 hogs (Snake:2)
  11 swamp worms
  2 wargs
  9 vampire mosquitoes
  2 acid dragons
  28 nagas
  18 water moccasins
  2 glowing shapeshifter skeletons
  A hell hound (Snake:1)
  29 orc warriors
  6 swamp drakes
  A human skeleton (Depths:1)
  8 small abominations
  4 black bears
  11 ogres
  3 wolves
  A boggart (Vaults:1)
  A centaur (D:8)
  3 kobold brigands
  8 bullfrogs
  3 gnoll sergeants
  8 scorpions
  10 killer bees (D:9)
  7 howler monkeys
  An electric eel (Lair:1)
  8 crimson imps (D:8)
  A gnoll bouda (D:5)
  5 hounds
  13 orc priests
  2 jellies
  3 sleepcaps (D:5)
  Ijyb (D:3)
  5 iguanas
  Natasha (twice) (D:3)
  22 orc wizards
  Robin (D:3)
  11 adders
  17 gnolls
  3 shadow imps
  4 ufetubi
  2 worms
  5 dart slugs
  70 orcs
  4 bats
  4 endoplasms
  2 giant cockroaches (D:2)
  13 goblins
  8 hobgoblins
  11 jackals
  9 kobolds
  A quokka (D:2)
  2 ball pythons
  14 frilled lizards
  5 rats
1113 creatures vanquished.

Vanquished Creatures (collateral kills)
  Saint Roka (Snake:2)
  A thorn hunter (Swamp:4)
  A tengu reaver (Vaults:2)
  2 nagarajas (Snake:4)
  A draconian knight (Vaults:1)
  2 vault wardens
  A frost giant (IceCv)
  2 orc warlords
  6 ironbound preservers
  2 formless jellyfish
  2 ironbound thunderhulks
  A vampire knight (Depths:2)
  A stone giant (Depths:3)
  5 dire elephants
  3 bunyips
  2 spark wasps
  A crystal guardian (Vaults:2)
  3 yaktaur captains
  An ettin (Depths:2)
  3 ice dragons
  A rakshasa (Depths:1)
  10 hydras
  A vault guard (Vaults:4)
  3 great orbs of eyes
  An ogre mage (D:15)
  4 ironbound frosthearts
  A peacekeeper (Vaults:2)
  2 spriggan air magi
  A salamander tyrant (Snake:2)
  An anaconda (Snake:1)
  2 two-headed ogres
  5 alligators
  2 boulder beetles
  3 deep troll shamans (Depths:4)
  2 titan zombies
  A deep troll earth mage (Depths:2)
  7 naga sharpshooters
  A spriggan berserker (Depths:3)
  A tengu warrior (Depths:2)
  2 naga warriors (Snake:4)
  2 shock serpents (Snake:4)
  A hell knight (Depths:2)
  2 iron trolls
  3 skeletal warriors (D:14)
  12 deep trolls
  A golden dragon zombie (Depths:2)
  A spark wasp zombie (Depths:1)
  A swamp dragon (Swamp:4)
  An arcanist (Vaults:1)
  A sea snake (Snake:4)
  A naga ritualist (Snake:1)
  3 ironbound convokers
  2 shadow dragon zombies
  A lindwurm (Vaults:2)
  5 necromancers
  A harpy (Vaults:2)
  2 orc knights
  5 mana vipers
  9 ugly things
  2 orc sorcerers (Orc:2)
  An oklob plant (Lair:4)
  A deep elf pyromancer (D:14)
  2 large abominations (Lair:5)
  2 cyclopes
  An elephant (Lair:3)
  A salamander (Snake:1)
  10 black mambas
  5 vault sentinels
  5 naga magi
  2 fire giant skeletons
  5 cane toads
  A titan simulacrum (Depths:2)
  2 gargoyles (D:11)
  An unseen horror (D:10)
  Jeremiah (D:9)
  A torpor snail (Lair:5)
  2 rime drakes (IceCv)
  A tengu conjurer (D:15)
  A komodo dragon (D:12)
  9 yaktaurs
  A golden dragon simulacrum (Depths:2)
  A meliai (D:13)
  2 hornets
  6 polar bears (IceCv)
  5 tyrant leeches
  11 blink frogs
  3 trolls
  4 dream sheep (Lair:4)
  A frost giant simulacrum (Depths:1)
  A blink frog (shapeshifter) (Lair:5)
  A jumping spider (Vaults:3)
  6 slime creatures
  4 spriggans
  A spriggan skeleton (Depths:1)
  2 shadows
  A wyvern (Lair:4)
  15 yaks
  6 humans (D:14)
  A steam dragon (D:6)
  6 wraiths
  2 basilisks (Lair:5)
  A fire elemental (Snake:1)
  A hog (Snake:2)
  2 vampire mosquitoes
  A chaos spawn (Lair:5)
  11 nagas
  3 small abominations (Lair:5)
  6 swamp worms
  An acid dragon (D:12)
  2 water moccasins
  5 swamp drakes (Swamp:4)
  4 ogres
  A spriggan simulacrum (Depths:1)
  11 orc warriors
  A centaur (D:7)
  3 wolves (Lair:5)
  A kobold brigand (D:13)
  3 bullfrogs
  3 scorpions (D:6)
  2 killer bees (D:9)
  3 howler monkeys
  2 crimson imps (D:8)
  8 orc priests
  11 orc wizards
  4 gnolls
  33 orcs
  4 kobolds (D:7)
409 creatures vanquished.

Vanquished Creatures (others)
  5 yaktaur captains
  5 yaktaurs (Vaults:4)
  A bloated husk (Swamp:2)
  An ancestor (D:7)
  43 knights
  4 foxfires
59 creatures vanquished.

Grand Total: 1581 creatures vanquished

Notes
Turn   | Place    | Note
-------+----------+-------------------------------------------
     0 | D:1      | whatisthis the Merfolk Ice Elementalist began the quest for
                  | the Orb.
     0 | D:1      | Reached XP level 1. HP: 13/13 MP: 3/3
    49 | D:1      | Noticed an eye of devastation
    51 | D:1      | Found a faded altar of an unknown god.
    52 | D:1      | Noticed a golden eye
    52 | D:1      | Noticed an eye of devastation
    52 | D:1      | Noticed a glass eye
    74 | D:1      | Found Qask's Assorted Antiques.
   493 | D:1      | Reached XP level 2. HP: 20/20 MP: 1/5
   567 | D:1      | Reached skill level 1 in Fighting
   753 | D:1      | Found Wesuus's Weapon Shop.
   956 | D:2      | Reached XP level 3. HP: 26/26 MP: 4/6
  1425 | D:2      | Reached skill level 2 in Fighting
  1500 | D:2      | Found a runed translucent door.
  1501 | D:2      | Noticed Crazy Yiuf
  1565 | D:2      | Reached XP level 4. HP: 29/33 MP: 5/8
  1598 | D:2      | Noticed Sigmund
  1678 | D:3      | Reached skill level 5 in Ice Magic
  1684 | D:3      | Learned a level 3 spell: Frozen Ramparts
  1688 | D:3      | Learned a level 3 spell: Ozocubu's Armour
  1697 | D:3      | Noticed Robin
  1725 | D:3      | Killed Robin
  1992 | D:3      | Reached XP level 5. HP: 26/39 MP: 5/9
  2254 | D:3      | Noticed Ijyb
  2288 | D:3      | Killed Ijyb
  2289 | D:3      | Reached skill level 3 in Fighting
  2418 | D:3      | Noticed Natasha
  2425 | D:3      | Killed Natasha
  2609 | D:3      | Identified the +9 sling "Toad" {drain, rPois rCorr}
  2749 | D:3      | Reached XP level 6. HP: 47/47 MP: 7/11
  3149 | D:3      | Noticed Natasha
  3162 | D:3      | Killed Natasha
  3442 | D:3      | Found an iron altar of Okawaru.
  3537 | D:4      | Found a white marble altar of Elyvilon.
  3656 | D:4      | Found a staircase to the Ecumenical Temple.
  3665 | Temple   | Entered the Ecumenical Temple
  3684 | Temple   | Became a worshipper of Hepliaklqana the Forgotten
  3733 | D:4      | Reached skill level 4 in Fighting
  4006 | D:4      | Found a shimmering blue altar of Sif Muna.
  4107 | D:4      | Found a glowing golden altar of the Shining One.
  4187 | D:4      | Found a sacrificial altar of Ru.
  4275 | D:5      | Entered Level 5 of the Dungeon
  4315 | D:4      | Reached XP level 7. HP: 40/54 MP: 9/13
  4687 | D:5      | Reached skill level 5 in Fighting
  4754 | D:5      | Found a basalt altar of Yredelemnul.
  4764 | D:5      | Noticed Eustachio
  4802 | D:5      | Killed Eustachio
  4803 | D:5      | Reached skill level 5 in Spellcasting
  4803 | D:5      | Reached XP level 8. HP: 63/63 MP: 8/15
  5097 | D:5      | Reached skill level 6 in Fighting
  5379 | D:5      | Found a transporter.
  5448 | D:5      | Found a transporter.
  5452 | D:5      | Noticed monsoonserge's ghost (novice TrSh)
  5604 | D:5      | Reached XP level 9. HP: 47/71 MP: 10/18
  5739 | D:5      | Reached skill level 7 in Fighting
  5905 | D:5      | Reached * piety under Hepliaklqana
  6205 | D:6      | Noticed a +0 dagger
  6206 | D:6      | Found a hide-covered altar of Uskayaw.
  6207 | D:6      | Noticed a +0 dagger
  6804 | D:7      | Reached skill level 8 in Fighting
  7254 | D:7      | Reached XP level 10. HP: 63/73 MP: 14/21
  7357 | D:7      | Found a shimmering altar of Xom.
  7548 | D:7      | Reached ** piety under Hepliaklqana
  7549 | D:7      | Remembered your ancestor Septimus as a knight
  7591 | D:7      | Reached skill level 9 in Fighting
  7591 | D:7      | Reached skill level 10 in Ice Magic
  7782 | D:7      | Learned a level 4 spell: Summon Ice Beast
  7797 | D:8      | Found Vimoh's Weapon Emporium.
  7798 | D:8      | Found Vaest's General Store.
  7956 | D:8      | Identified the +0 plate armour of Vetai {rElec rF+ Regen+
                  | Dex-3}
  8068 | D:8      | Found a sparkling altar of Nemelex Xobeh.
  8068 | D:8      | Found a blossoming altar of Fedhas.
  8081 | D:8      | Found a burning altar of Makhleb.
  8221 | D:8      | Identified the +0 robe "Fuet Ono" {Harm *Corrode rF+++
                  | Str+2}
  8226 | D:8      | Reached skill level 1 in Conjurations
  8464 | D:8      | Noticed Psyche
  8473 | D:8      | Killed Psyche
  8592 | D:9      | Found a stormy altar of Qazlal.
  8645 | D:9      | Found a staircase to the Orcish Mines.
  8911 | D:9      | Found a radiant altar of Vehumet.
  9052 | D:9      | Reached skill level 10 in Fighting
  9109 | D:9      | Noticed Jeremiah
  9114 | D:9      | Killed Jeremiah
  9115 | D:9      | Reached XP level 11. HP: 66/81 MP: 21/23
  9296 | D:9      | Found a staircase to the Lair.
  9350 | D:9      | Found Adudgh's Jewellery Boutique.
  9394 | D:9      | Reached *** piety under Hepliaklqana
  9566 | D:10     | Entered Level 10 of the Dungeon
  9678 | D:10     | Found a bloodstained altar of Trog.
  9714 | D:10     | Found a snail-covered altar of Cheibriados.
 10087 | D:10     | Found an ancient bone altar of Kikubaaqudgha.
 10175 | D:10     | Noticed a two-headed ogre
 10176 | D:10     | Noticed a two-headed ogre
 10181 | D:10     | Noticed an ogre mage
 10183 | D:10     | Noticed a two-headed ogre
 10271 | Lair:1   | Entered Level 1 of the Lair of Beasts
 10339 | D:8      | Bought a book of Armaments for 540 gold pieces
 10343 | D:8      | Learned a level 3 spell: Stone Arrow
 10349 | D:8      | Bought a scroll of blinking for 112 gold pieces
 10456 | D:10     | Noticed a two-headed ogre
 10457 | D:10     | Noticed a two-headed ogre
 10459 | D:10     | Killed a two-headed ogre
 10465 | D:10     | Killed an ogre mage
 10467 | D:10     | Killed a two-headed ogre
 10685 | D:10     | Killed a two-headed ogre
 10814 | D:10     | Killed a two-headed ogre
 10815 | D:10     | Reached skill level 11 in Fighting
 10834 | D:10     | Killed a two-headed ogre
 10889 | D:10     | Found Umow's Jewellery Shoppe.
 11123 | D:10     | Reached skill level 5 in Conjurations
 11533 | D:11     | Reached XP level 12. HP: 75/90 MP: 18/25
 11728 | D:11     | Noticed Josephine
 11740 | D:11     | Killed Josephine
 11974 | D:9      | Reached skill level 10 in Spellcasting
 12272 | Lair:1   | Reached **** piety under Hepliaklqana
 13489 | Lair:2   | Reached skill level 12 in Fighting
 13744 | Lair:2   | Noticed a boulder beetle
 13758 | Lair:2   | Killed a boulder beetle
 13759 | Lair:2   | Reached skill level 1 in Polearms
 14066 | Lair:2   | Reached ***** piety under Hepliaklqana
 14141 | Lair:2   | Noticed Amaemon
 14156 | Lair:2   | Killed Amaemon
 14486 | Lair:2   | Found a staircase to the Swamp.
 14486 | Lair:2   | Noticed an eleionoma
 14494 | Lair:2   | Killed an eleionoma
 14495 | Lair:2   | Reached skill level 5 in Dodging
 14725 | Lair:3   | Found a staircase to the Snake Pit.
 14798 | Lair:3   | Reached XP level 13. HP: 61/98 MP: 27/27
 14995 | Lair:3   | Reached skill level 5 in Polearms
 15366 | Lair:3   | Found a transporter.
 15380 | Lair:3   | Reached skill level 13 in Fighting
 15396 | Lair:3   | Noticed Pokonic1's ghost (journeyman DsFE)
 16332 | Lair:3   | Found a transporter.
 17338 | Lair:3   | Identified the -1 pair of boots of the Stone Wall {rElec
                  | rC++ Str+3 Int+2}
 17646 | Lair:4   | Reached skill level 14 in Fighting
 18664 | Lair:4   | Reached XP level 14. HP: 26/108 MP: 16/28
 18904 | Lair:5   | Entered Level 5 of the Lair of Beasts
 18911 | Lair:4   | Reached skill level 10 in Dodging
 18946 | Lair:5   | Found a staircase to the Slime Pits.
 19233 | Lair:5   | Reached skill level 10 in Polearms
 20616 | Lair:5   | Reached skill level 15 in Fighting
 21058 | Lair:5   | Found a corrupted altar of Lugonu.
 21058 | Lair:5   | Found a one-way gate to the infinite horrors of the Abyss.
 23309 | D:12     | Reached ****** piety under Hepliaklqana
 23315 | D:12     | Reached XP level 15. HP: 95/117 MP: 26/29
 23622 | D:12     | Noticed Erolcha
 23629 | D:12     | Killed Erolcha
 24651 | D:13     | Found a basalt altar of Yredelemnul.
 24675 | D:13     | Reached skill level 16 in Fighting
 25260 | D:13     | Found a shimmering altar of Xom.
 25297 | D:13     | Found a radiant altar of Vehumet.
 25651 | D:14     | Learned a level 3 spell: Hailstorm
 25739 | D:14     | Found a transporter.
 25748 | D:14     | Noticed Acwauwnyeha's ghost (journeyman HuSu)
 25768 | D:14     | Identified the amulet of Kyar {Faith rCorr}
 25886 | D:14     | Reached skill level 1 in Invocations
 26353 | Orc:1    | Entered Level 1 of the Orcish Mines
 26360 | Orc:1    | Noticed Sonja
 26370 | Orc:1    | Killed Sonja
 26602 | Orc:1    | Noticed an orc warlord
 26794 | Orc:1    | Killed an orc warlord
 27255 | Orc:2    | Entered Level 2 of the Orcish Mines
 27255 | Orc:2    | Found Rokiuwao's Magic Scroll Boutique.
 27255 | Orc:2    | Found a staircase to the Elven Halls.
 27712 | Orc:2    | Found a transporter.
 27715 | Orc:2    | Found a transporter.
 27715 | Orc:2    | Noticed Lobster4's ghost (journeyman DrSh)
 28019 | Orc:2    | Noticed an orc warlord
 28034 | Orc:2    | Killed an orc warlord
 28162 | Orc:2    | Paralysed by an orc sorcerer for 2 turns
 28521 | Orc:2    | Found Navoydd's Antique Armour Shoppe.
 28522 | Orc:2    | Found Sumpecab's Antique Weapon Shoppe.
 28523 | Orc:2    | Found Mosoc's General Store.
 28523 | Orc:2    | Found Mazxinti's Book Emporium.
 29189 | Orc:2    | Reached skill level 5 in Invocations
 29196 | Orc:2    | Killed Lobster4's ghost
 29255 | Orc:2    | Learned a level 5 spell: Freezing Cloud
 29496 | D:14     | Found a transporter.
 29502 | D:14     | Noticed an iron dragon
 29625 | D:14     | Reached XP level 16. HP: 34/126 MP: 24/32
 29905 | D:14     | Reached skill level 17 in Fighting
 30427 | D:14     | Found a gate to the Vaults.
 30590 | D:15     | Entered Level 15 of the Dungeon
 30643 | D:15     | Found a frozen archway.
 30676 | IceCv    | Entered an ice cave
 33289 | D:15     | Found a staircase to the Depths.
 33674 | D:15     | Reached XP level 17. HP: 134/134 MP: 34/34
 34494 | Snake:1  | Entered Level 1 of the Snake Pit
 34502 | Snake:1  | Reached skill level 18 in Fighting
 34770 | Snake:1  | Noticed Azrael
 34777 | Snake:1  | Killed Azrael
 34901 | Snake:1  | Reached skill level 15 in Ice Magic
 36955 | Snake:2  | Noticed Saint Roka
 37400 | Snake:2  | Killed Saint Roka
 37592 | Snake:2  | Noticed Asterion
 37604 | Snake:2  | Killed Asterion
 38546 | Snake:2  | Noticed Kirke
 38556 | Snake:2  | Killed Kirke
 38865 | Snake:2  | Found a runed translucent gate.
 38866 | Snake:2  | Found a runed translucent gate.
 38867 | Snake:2  | Found a runed translucent gate.
 38868 | Snake:2  | Found an opulent altar of Gozag.
 38868 | Snake:2  | Noticed Vicweoh's ghost (adept GrFi)
 39164 | Snake:3  | Found Sorum's Jewellery Boutique.
 39343 | Snake:3  | Found Weghoz's Assorted Antiques.
 39343 | Snake:3  | Found Naamp's Antique Armour Boutique.
 39346 | Snake:3  | Found Edom Caell's Antique Weapon Boutique.
 39985 | Snake:4  | Entered Level 4 of the Snake Pit
 40553 | Snake:4  | Reached skill level 10 in Conjurations
 40652 | Snake:4  | Noticed Komet's ghost (journeyman HOMo)
 40662 | Snake:4  | Reached XP level 18. HP: 115/143 MP: 23/36
 40828 | Snake:4  | Found a transporter.
 41023 | Snake:4  | Reached skill level 19 in Fighting
 41148 | Snake:4  | Found a transporter.
 42691 | Snake:4  | Got a serpentine rune of Zot
 42861 | Lair:2   | Learned a level 7 spell: Ozocubu's Refrigeration
 42871 | Swamp:1  | Entered Level 1 of the Swamp
 43145 | Swamp:1  | Paralysed by a fenstrider witch for 4 turns
 44611 | Swamp:2  | Gained mutation: You do not regenerate when monsters are
                  | visible. [mutagenic glow]
 44739 | Swamp:2  | Identified the +3 chain mail of the Sacrificial Victim
                  | {rPois Will+}
 45077 | Swamp:3  | Noticed Nikola
 45190 | Swamp:3  | Killed Nikola
 45379 | Swamp:3  | Reached XP level 19. HP: 151/151 MP: 33/37
 45393 | Swamp:3  | Reached skill level 15 in Spellcasting
 46294 | Swamp:4  | Entered Level 4 of the Swamp
 46621 | Swamp:4  | Reached skill level 20 in Fighting
 47028 | Swamp:4  | Got a decaying rune of Zot
 47486 | Swamp:4  | Identified the +3 short sword "Ogrebane" {freeze, rC- rN+
                  | Dex+2}
 47878 | Vaults:1 | Entered Level 1 of the Vaults
 49614 | Vaults:1 | Reached XP level 20. HP: 124/160 MP: 10/39
 51939 | Vaults:2 | Reached skill level 21 in Fighting
 52009 | Vaults:2 | Found a crumbling gateway.
 52555 | Vaults:2 | Noticed Donald
 52559 | Vaults:2 | Killed Donald
 52560 | Vaults:2 | Identified the +4 hand axe "Zuhen" {venom, MP-9 Str+5
                  | Int+3}
 52606 | Vaults:2 | Found a flickering gateway to a bazaar.
 52614 | Bazaar   | Entered a bazaar
 52641 | Bazaar   | Found Xeunt's Book Emporium.
 52665 | Bazaar   | Found Ecueluan's Antique Armour Emporium.
 52665 | Bazaar   | Found Veveus's Antique Weapon Shoppe.
 52948 | Vaults:2 | Noticed Zenata
 52953 | Vaults:2 | Killed Zenata
 53030 | Vaults:2 | Identified the +5 spear of World Downfall {freeze, +Blink
                  | Fly MP+9 Dex+4}
 53480 | Vaults:2 | Found a staircase to the Crypt.
 53480 | Vaults:2 | Found an ancient bone altar of Kikubaaqudgha.
 53524 | Vaults:2 | Found a basalt altar of Yredelemnul.
 53586 | Vaults:2 | Identified the +8 battleaxe of Accidental Termination
                  | {venom, rC+ Int-3 Dex+5 Stlth-}
 53709 | Vaults:2 | Identified the +1 ring mail of Decompression {rN++}
 53717 | Vaults:2 | Identified the +3 spear "Kuizeoxt" {heavy, *Noise rPois rF+
                  | Will++}
 54391 | Vaults:3 | Reached XP level 21. HP: 141/168 MP: 15/41
 54448 | Vaults:3 | Learned a level 6 spell: Bombard
 54613 | Vaults:3 | Paralysed by a formless jellyfish for 1 turns
 55276 | Vaults:3 | Reached skill level 1 in Earth Magic
 56046 | Vaults:3 | Identified the +2 great sword of Disembowelment {spect,
                  | SInv}
 56800 | Vaults:4 | Identified 2 scrolls of acquirement
 57406 | Vaults:4 | Found a transporter.
 57407 | Vaults:4 | Found a shimmering blue altar of Sif Muna.
 57407 | Vaults:4 | Found the +2 ratskin cloak {*Rats rPois rN+ Str-1 Int-1
                  | Dex+1}
 57912 | Vaults:4 | Reached skill level 22 in Fighting
 58190 | Vaults:3 | Acquired 1113 gold pieces
 58191 | Vaults:3 | Acquired 720 gold pieces
 58551 | Vaults:4 | Identified the +9 orcbow "Zust" {drain, rC+ Will+}
 59294 | Depths:1 | Entered Level 1 of the Depths
 60303 | Depths:1 | Noticed a bone dragon
 60734 | Depths:2 | Identified the serpent talisman of the Boiling Point {rPois
                  | rCorr Dex+3}
 60734 | Depths:2 | Noticed Aizul
 60739 | Depths:2 | Killed Aizul
 60936 | Depths:2 | Reached skill level 5 in Earth Magic
 61013 | Depths:2 | Found a one-way gate leading to the halls of Pandemonium.
 61036 | Depths:2 | Reached XP level 22. HP: 177/177 MP: 36/43
 61339 | Depths:2 | You fall into a shaft and drop 2 floors!
 61339 | Depths:4 | Entered Level 4 of the Depths
 61419 | Depths:4 | Found Neofess's Self-Published Books.
 61726 | Depths:4 | Found a gateway to Hell.
 61894 | Depths:3 | Found Winick's Armour Emporium.
 61899 | Depths:3 | Bought +1 gold dragon scales for 1218 gold pieces
 63202 | Depths:2 | Identified the +12 falchion of Asyoq {freeze, *Noise rN++
                  | SInv}
 63215 | Depths:2 | Noticed the Enchantress
 63231 | Depths:2 | HP: 8/178 [spriggan defender/+0 demon whip of flaming[the
                  | Enchantress] (4)]
 63232 | Depths:2 | Slain by the Enchantress

Illustrated notes

Levels and vault maps discovered:
D:1:      dpeg_arrival_line_fractal, layout_basic,
          hellmonk_ecumenical_altar_watching_god, serial_shops,
          nicolae_shop_waterfront, nicolae_shop_just_a_little_nook
D:2:      layout_loops_ring, minmay_heptomino_o4, uniq_sigmund,
          uniq_crazy_yiuf_cottage
D:3:      layout_loops_corners, mainiacjoe_overflow_alcove_1,
          minmay_lizard_king, uniq_ijyb, uniq_natasha, uniq_robin
D:4:      layout_cave_pools, nicolae_overflow_hidden_temple,
          amcnicky_altar_gilded, nicolae_ru_path_of_blood,
          nicolae_sif_muna_little_library, minmay_temple_entry_mini_moons
D:5:      cheibrodos_fzero, layout_gridville, mainiacjoe_overflow_boulevard,
          gammafunk_ghost_hive, uniq_eustachio
D:6:      layout_cave_pools, dancing_weapons_uskayaw, serial_rivers,
          chequers_serial_rivers_micro_b, chequers_serial_rivers_micro_c,
          chequers_serial_rivers_large_b, chequers_serial_rivers_room_b
D:7:      layout_rooms, mainiacjoe_overflow_cross_hatched
D:8:      layout_basic, gammafunk_temple_overflow_wave, makhleb_grotto_becter,
          serial_shops, shop, shop, minmay_nine_imps, uniq_psyche
D:9:      layout_loops_ring, nicolae_qazlal_scattered_showers,
          lemuel_coloured_pillars_altar, dpeg_oklobed_lair,
          kennysheep_orc_monster_closet_entryway,
          minmay_shop_enchanted_jewellery, uniq_jeremiah
D:10:     layout_layer_cave, cheibrodos_worm_habitat,
          mainiacjoe_overflow_concentric_impassable,
          mainiacjoe_overflow_small_starburst, serial_shops,
          nicolae_shop_gaudy_bauble, evilmike_butchery
D:11:     layout_layer_cave, uniq_josephine
D:12:     layout_cave_pools, uniq_erolcha
D:13:     layout_basic, hangedman_feature_mirror, nicolae_vehumet_altar_sigil
D:14:     layout_rooms, grunt_vaults_entry_tiered, nrook_mini_backslash,
          gammafunk_ghost_berserking_beasts
D:15:     hangedman_depths_entry_civil_slaughter, layout_long_grid,
          corexii_hall_statues_i, portal_ice_cave_entry_pillars_three,
          grunt_decor_one_mirror, minmay_misc_feat_more_columns
Temple:   hellmonk_temple_beads
Lair:1:   layout_loops_ring, wad_woods_river_02, infiniplex_staircase_pool
Lair:2:   layout_regular_city, alex1729_swamp_entry_worm_eleionoma,
          chequers_serial_rivers_small_3, patterned_corridor, uniq_amaemon
Lair:3:   layout_hall_layers, minmay_snake_entry_spellcaster,
          gammafunk_ghost_arena, kennysheep_basilisk_garden
Lair:4:   layout_hall_layers, infiniplex_staircase_pool_2
Lair:5:   hellmonk_lair_end_abyssal_woods, layout_gridlike, slime_entry_1,
          st_stairs_7, grunt_megastairs_3
Swamp:1:  layout_basic_swamp, hangedman_swamp_blocks
Swamp:2:  layout_falls_marsh, nicolae_swamp_tree_isthmus
Swamp:3:  layout_basic_swamp, evilmike_swamp_ruin_house_3, swamp_pool_4,
          uniq_nikola
Swamp:4:  swamp, layout_basic_swamp, swamp_pool_5,
          nicolae_swamp_decorative_isthmus
Snake:1:  layout_onion_interference, grunt_megastairs_1, uniq_azrael
Snake:2:  layout_layer_cave, ebering_ghost_gozag, uniq_saint_roka, uniq_kirke,
          uniq_asterion
Snake:3:  layout_cave_town, minmay_shop_grid_forest, lemuel_fruit_tree
Snake:4:  grunt_snake_rune_pools, layout_cave_town, gammafunk_ghost_arena,
          library_closet, nicolae_snake_flat_spine
Orc:1:    layout_caves, lemuel_statue_altar, minmay_orc_barracks, uniq_sonja
Orc:2:    st_orc_congregation, layout_caves, serial_shops, shop,
          gammafunk_ghost_arena, einodemon_barbed_minivault
Vaults:1: nicolae_vaults_house_2, vaults_room_grunt_arrival_ludios,
          vaults_mumra_minichess_inversion, v_misc_16,
          nicolae_vaults_storage_room_glass, nicolae_vaults_trapezoid_layered,
          sword_in_stone, grunt_vaults_focal, dpeg_vaults_monster_box,
          vaults_room_pool, hangedman_vaults_trim,
          nicolae_vaults_heart-shaped_vault, layout_vaults_omnigrid
Vaults:2: portal_desolation_entry_salt, nicolae_vaults_storing_the_good_stuff,
          v_misc_13, nicolae_vaults_ellipses_ellipsis,
          nicolae_vaults_wine_cellar, nicolae_vaults_tetromino_T_1,
          minmay_crypt_entry_necro_gods, v_alt_pattern_2,
          layout_vaults_chaotic_city, serial_shops, bzr_entry_islet,
          uniq_donald, uniq_zenata
Vaults:3: vaults_room_semicircle, hangedman_vaults_stitches,
          nicolae_vaults_oval_intersection, v_misc_11,
          nicolae_vaults_circle_grid_b, nicolae_vaults_rhombus_5, v_rooms_2,
          nicolae_vaults_spaceships, nicolae_vaults_tetromino_T_1,
          grunt_vaults_funnel, hangedman_vaults_nails,
          nicolae_vaults_trapezoid_1, nicolae_vaults_house_3, layout_vaults_maze
Vaults:4: gammafunk_sealed_library, vaults_mumra_hex, vaults_room_corners,
          nicolae_vaults_trapezoid_lopsided_2, grunt_vaults_hallway_short,
          layout_vaults_omnibox
Depths:1: layout_forbidden_donut, hangedman_abyss_entry_splay,
          serial_co_window_serial, co_window_paths_a,
          co_window_of_opportunity_a, co_window_paths_a, co_window_paths_b,
          co_window_paths_a, co_window_2corner, co_window_of_opportunity_c,
          co_window_cross_2, co_window_paths_d, co_window_sun, glass_columns_a,
          glass_columns_c, glass_columns_c, glass_columns_b,
          grunt_mini_vestibule, kennysheep_windowed_goal
Depths:2: kennysheep_scales, layout_cave_shapes, serial_sigils_hangedman_writhe,
          pan_entry, hell_entry, lemuel_flame_loot_1, infiniplex_staircase_x,
          uniq_enchantress, uniq_aizul, uniq_josephina
Depths:3: minmay_strange_plus, layout_twisted_cross, enter_ziggurat_b,
          abyss_entry, pf_hell_entry_tar_spiral, serial_shops, shop,
          rand_demon_pan_entry_8, nicolae_two_hexagons,
          infiniplex_staircase_zigzag_1
Depths:4: evilmike_zot_entry_basic, layout_cave_pools, hangedman_geh_valley,
          okawaru_gym_becter, nicolae_custom_books, uniq_jory

Skill      XL: |  1  2  3  4  5  6  7  8  9 10 11 12 13 14 15 16 17 18 19 20 21 22 |
---------------+-------------------------------------------------------------------+-----
Fighting       | 1 2 3 4 5 6 8 10 11 12 14 15 16 17 18 19 20 21 22 | 22.6
Ice Magic      | 5 6 7 8 9 11 12 13 14 16 17 18 19 | 19.1
Spellcasting   | 3 4 5 6 7 8 9 10 12 13 14 15 16 17 | 17.8
Conjurations   | 3 5 6 7 8 10 11 12 13 14 | 14.5
Polearms       | 4 9 12 | 12.0
Dodging        | 5 9 12 | 12.3
Invocations    | 5 |  5.1
Earth Magic    | 5 6 |  6.1
Stealth        | |  2.1

Action                     |  1- 3 |  4- 6 |  7- 9 | 10-12 | 13-15 | 16-18 | 19-21 | 22-24 || total
---------------------------+-------+-------+-------+-------+-------+-------+-------+-------++-------
  Melee: Dagger            |    25 |    96 |     2 |       |       |       |       |       ||   123
         Punch             |     1 |     1 |       |       |    13 |       |       |       ||    15
         Unarmed           |       |     1 |       |       |       |     1 |       |       ||     2
         Staff             |       |       |    56 |    14 |       |       |     5 |       ||    75
         Spear             |       |       |       |    53 |   773 |   355 |     9 |       ||  1190
         Tailslap          |       |       |       |       |     7 |       |       |       ||     7
   Fire: Sling             |       |       |       |     4 |       |       |       |       ||     4
  Throw: Dart              |       |       |       |       |     9 |       |       |       ||     9
         Stone             |       |       |       |       |     2 |       |       |       ||     2
   Cast: Freeze            |    54 |    17 |    50 |    32 |    44 |     5 |       |       ||   202
         Frozen Ramparts   |       |    23 |    55 |    76 |   121 |    86 |     9 |     4 ||   374
         Ozocubu's Armour  |       |     1 |     8 |     9 |    35 |    14 |     2 |     3 ||    72
         Stone Arrow       |       |       |       |    53 |   167 |   200 |   222 |    72 ||   714
         Hailstorm         |       |       |       |       |    70 |     9 |       |       ||    79
         Freezing Cloud    |       |       |       |       |     1 |   202 |   228 |    41 ||   472
         Ozocubu's Refrige |       |       |       |       |       |    35 |   190 |    34 ||   259
         Summon Ice Beast  |       |       |       |       |       |     1 |     1 |       ||     2
         Bombard           |       |       |       |       |       |       |       |     5 ||     5
 Invoke: Recall Ancestor   |       |       |     3 |       |     7 |     4 |     7 |     4 ||    25
         Ancestor Life: Kn |       |       |       |     1 |       |       |       |       ||     1
         Idealise          |       |       |       |       |     2 |     2 |     4 |     2 ||    10
  Evoke: Wand              |       |       |       |     2 |     5 |    10 |     2 |       ||    19
    Use: Potion            |       |     3 |       |     2 |     7 |     6 |     2 |     5 ||    25
         Scroll            |       |     1 |     4 |     4 |    13 |     7 |    14 |     1 ||    44
   Stab: Sleeping          |       |     3 |       |       |       |       |       |       ||     3
         Distracted        |       |       |       |       |     3 |     3 |       |       ||     6
 Armour: Robe              |    30 |    79 |   112 |    86 |       |       |       |       ||   307
         Skin              |       |     7 |       |       |       |       |       |       ||     7
         Scale mail        |       |       |       |    47 |   499 |   452 |   371 |   115 ||  1484
  Dodge: Dodged            |    44 |    62 |    88 |    95 |   267 |   184 |    97 |    36 ||   873
  Block: Buckler           |       |       |       |       |     2 |    26 |       |       ||    28
         Kite shield       |       |       |       |       |       |    89 |   108 |    34 ||   231

Table legend: (Time is in decaauts)
 A = Elapsed time spent in this place.
 B = Non-inter-level travel time spent in this place.
 C = Inter-level travel time spent in this place.
 D = Time resting spent in this place.
 E = Time spent auto-exploring this place.
 F = Levels seen in this place.
 G = Mean time per level.
                   A        B        C        D        E       F      G
               +--------+--------+--------+--------+--------+-----+--------+
         Total |  62458 |  58691 |   3767 |  21239 |  13377 |  41 | 1523.4 |
       Dungeon |  20338 |  18678 |   1660 |   5501 |   6951 |  15 | 1355.9 |
        Temple |     38 |     24 |     14 |      0 |      0 |   1 |   38.0 |
          Lair |   9984 |   9561 |    423 |   3889 |   1801 |   5 | 1996.8 |
         Swamp |   4527 |   4316 |    211 |   1927 |    512 |   4 | 1131.8 |
     Snake Pit |   7977 |   7610 |    367 |   2583 |   1883 |   4 | 1994.2 |
  Orcish Mines |   2790 |   2691 |     99 |    763 |    758 |   2 | 1395.0 |
        Vaults |  10777 |   9820 |    957 |   3916 |   1137 |   4 | 2694.2 |
        Depths |   3946 |   3910 |     36 |   1599 |    333 |   4 |  986.5 |
        Bazaar |    168 |    168 |      0 |      0 |      0 |   1 |  168.0 |
      Ice Cave |   1909 |   1909 |      0 |   1060 |      0 |   1 | 1909.0 |
               +--------+--------+--------+--------+--------+-----+--------+

Top non-repeatable levels by time:
Vaults:1: 3736 daAuts
Vaults:2: 3128 daAuts
  Lair:4: 2551 daAuts
  Lair:3: 2395 daAuts
 Snake:2: 2368 daAuts
  Lair:5: 2274 daAuts
 Snake:4: 2143 daAuts
Vaults:4: 2135 daAuts
 Snake:1: 2056 daAuts
    D:14: 1990 daAuts
    D:13: 1945 daAuts
   IceCv: 1909 daAuts
     D:3: 1902 daAuts
    D:11: 1850 daAuts
     D:9: 1818 daAuts
